 Dungeon Crawl Stone Soup version 0.31-a0-1447-g87ca8d402b (webtiles) character file.

Game seed: 673734653982560741

792 Loonster the Grappler (level 7, -6/61 HPs)
             Began as a Troll Shapeshifter on Dec 27, 2023.
             Was an Initiate of Hepliaklqana.
             Mangled by an orc
             ... wielding a +0 war axe
              (9 damage)
             ... on level 5 of the Dungeon.
             The game lasted 00:05:05 (3362 turns).

Loonster the Grappler (Troll Shapeshifter)          Turns: 3362, Time: 00:05:05

Health: -6/61      AC:  5    Str: 23    XL:     7   Next: 57%
Magic:  6/6        EV:  9    Int:  6    God:    Hepliaklqana [......]
Gold:   290        SH:  0    Dex: 11    Spells: 6/6 levels left

rFire   . .          .
                       - Unarmed
rCold   . . .        (no shield)
rNeg    + . .        a - +1 animal skin
rPois   .            (helmet currently unavailable)
rElec   .            (cloak currently unavailable)
rCorr   .            (gloves unavailable)
SInv    .            (boots unavailable)
Will    .....        p - amulet of magic regeneration
Stlth   +            r - ring of positive energy
HPRegen 1.10/turn    (no ring)
MPRegen 0.50/turn

%: no passive effects
@: lethally poisoned (-6 -> -7), beast-form
A: beast (slay +2), large, unfitting armour, claws 3, regeneration 1, shaggy fur
1, tough skin 1
a: Begin Untransformation, Renounce Religion


You were on level 5 of the Dungeon.
You worshipped Hepliaklqana.
Hepliaklqana was noncommittal.
You were a hulking beast.
You visited 2 branches of the dungeon, and saw 6 of its levels.

You collected 290 gold pieces.

Inventory:

Armour
 a - a +1 animal skin (worn)
 s - a +0 cloak
Jewellery
 p - an amulet of magic regeneration (around neck)
 r - a ring of positive energy (left claw)
Talismans
 c - a beast talisman
 d - a flux talisman
 l - a serpent talisman
Wands
 k - a wand of quicksilver (7)
 q - a wand of paralysis (10)
Scrolls
 f - a scroll of noise {unknown}
 i - a scroll of revelation {unknown}
 m - a scroll of blinking {unknown}
 t - a scroll of enchant armour
Potions
 b - a potion of lignification
 e - a potion of mutation {unknown}
 g - a potion of brilliance
 j - a potion of cancellation
 n - 2 potions of curing
 o - a potion of resistance
 u - a potion of heal wounds {unknown}


   Skills:
 - Level 0.7 Fighting
 - Level 1.5 Dodging
 + Level 8.9 Unarmed Combat
 - Level 3.5 Shapeshifting


You had 6 spell levels left.
You didn't know any spells.
Your spell library contained the following spells:

 Spells                   Type           Power      Damage    Failure   Level
 Call Canine Familiar     Summ           0%         N/A       83%         3
 Inner Flame              Hex/Fire       0%         N/A       83%         3
 Sigil of Binding         Hex            0%         N/A       83%         3
 Dimensional Bullseye     Hex/Tloc       0%         N/A       99%         4
 Flame Wave               Conj/Fire      0%         2d4       99%         4
 Sticky Flame             Fire/Alch      0%         2d4       99%         4
 Summon Blazeheart Golem  Fire/Summ      0%         N/A       99%         4
 Orb of Destruction       Conj           0%         9d5       100%        7
 Spellforged Servitor     Conj/Summ      0%         N/A       100%        7


Dungeon Overview and Level Annotations

Branches:
Dungeon (5/15)             Temple (1/1) D:4

Altars:
Ashenzari
Cheibriados
Dithmenos
Gozag
Hepliaklqana
Kikubaaqudgha
Okawaru
Qazlal
Sif Muna
Trog
Vehumet
Wu Jian
Xom
Yredelemnul
Zin

Shops:
D:2 (


Innate Abilities, Weirdness & Mutations

You are a hulking beast.
Your limbs bulge with bestial killing power. (Slay +2)
You are too large for most types of armour.
You have claws for hands.
Your natural rate of healing is unusually fast.
You are covered in fur. (AC +1)
You have tough skin. (AC +1)


Message History

You feel very sick.
The orc wizard hits you with a +2 dagger of venom.
You are more poisoned.
You scratch the orc wizard but do no damage.
You feel very sick.
You scratch the orc wizard.
The orc wizard is heavily wounded.
You feel sick.
The orc wizard hits you with a +2 dagger of venom.
You are more poisoned.
You barely miss the orc wizard.
The orc wizard is heavily wounded.
You feel very sick. The orc wizard casts a spell at you.
The puff of flame hits you.
You barely miss the orc wizard.
The orc wizard is heavily wounded.
You feel very sick.
The orc wizard points at you and mumbles some strange words.
You resist with some effort. The orc hits you with a +0 war axe.
You barely miss the orc wizard.
The orc wizard is heavily wounded.
You feel very sick. The orc barely misses you.
The orc wizard gestures at you while chanting.
The puff of flame hits you!
You scratch the orc wizard.
The orc wizard is severely wounded.
You feel very sick.
You claw the orc wizard!
You kill the orc wizard!
You feel sick. The orc hits you with a +0 war axe.
* * * LOW HITPOINT WARNING * * *
You feel very sick. The orc hits you with a +0 war axe!
* * * LOW HITPOINT WARNING * * *
Things that are here:
a +2 dagger of venom; a +0 robe You barely miss the orc.
You feel sick. The orc hits you with a +0 war axe!
You die...

###########
#.........######.
#.######.........
#.....)[######
#.##..#....#
#h..#....#
.......o#.#....##
......>.........###
......###.#.......##
....#. #.#....##..#
#####.
#.........#.##### .
..........#...... .
.P..P......##.....
..♣♣♣......##.....


You could see an orc.

Vanquished Creatures
  2 scorpions (D:5)
  2 bombardier beetles
  3 orc priests
  Crazy Yiuf (D:4)
  A gnoll bouda (D:4)
  A jelly (D:5)
  A sleepcap (D:5)
  An iguana (D:5)
  4 orc wizards
  Natasha (twice) (D:2)
  Robin (D:4)
  7 gnolls
  4 adders
  A white imp (D:4)
  7 worms
  3 dart slugs
  12 orcs
  3 ball pythons
  5 endoplasms
  4 giant cockroaches
  16 goblins
  7 hobgoblins
  4 jackals (D:1)
  5 kobolds
  4 quokkas
  2 bats (D:2)
  4 frilled lizards
  3 rats
110 creatures vanquished.

Notes
Turn   | Place    | Note
-------+----------+-------------------------------------------
     0 | D:1      | Loonster the Troll Shapeshifter began the quest for the
                  | Orb.
     0 | D:1      | Reached XP level 1. HP: 18/18 MP: 0/0
   114 | D:1      | Reached XP level 2. HP: 24/26 MP: 1/1
   141 | D:1      | Reached skill level 4 in Unarmed Combat
   598 | D:2      | Reached XP level 3. HP: 32/32 MP: 2/2
  1021 | D:2      | Found Agezepho's Weapon Shop.
  1029 | D:2      | Noticed Natasha
  1037 | D:2      | Killed Natasha
  1038 | D:2      | Reached XP level 4. HP: 36/40 MP: 3/3
  1042 | D:2      | Noticed Natasha
  1049 | D:2      | Killed Natasha
  1050 | D:2      | Reached skill level 5 in Unarmed Combat
  1291 | D:2      | Found Ebbeumun's Book Emporium.
  1571 | D:3      | Reached XP level 5. HP: 31/46 MP: 4/4
  1670 | D:3      | Reached skill level 6 in Unarmed Combat
  2180 | D:4      | Reached XP level 6. HP: 54/54 MP: 5/5
  2357 | D:4      | Reached skill level 7 in Unarmed Combat
  2379 | D:4      | HP: 2/54 [orc/+0 whip (2)]
  2380 | D:4      | Found a staircase to the Ecumenical Temple.
  2384 | Temple   | Entered the Ecumenical Temple
  2424 | Temple   | Became a worshipper of Hepliaklqana the Forgotten
  2450 | D:4      | Noticed Robin
  2492 | D:4      | Killed Robin
  2692 | D:4      | Found a shimmering blue altar of Sif Muna.
  2875 | D:4      | Found a runed translucent door.
  2876 | D:4      | Noticed Crazy Yiuf
  2957 | D:4      | Killed Crazy Yiuf
  2958 | D:4      | Reached XP level 7. HP: 41/61 MP: 6/6
  3023 | D:5      | Entered Level 5 of the Dungeon
  3149 | D:5      | Reached skill level 8 in Unarmed Combat
  3361 | D:5      | HP: 3/61 [orc/+0 war axe (9)]
  3362 | D:5      | Mangled by an orc

Illustrated notes

Levels and vault maps discovered:
D:1:      evilmike_arrival_rings, layout_rooms
D:2:      layout_basic, serial_shops, shop, nicolae_shop_crystal, serial_glass,
          glass_columns_b, glass_columns_b, grunt_ministairs_13,
          minmay_heptomino_o4, uniq_natasha
D:3:      layout_loops_ring, chequers_arboretum, nicolae_the_louvre
D:4:      layout_rooms, nicolae_sif_muna_little_library,
          minmay_temple_entry_hall, uniq_robin, uniq_crazy_yiuf_cottage
D:5:      layout_basic, kennysheep_boxes, uniq_edmund, uniq_grinder
Temple:   dpeg_chambers_temple

Skill      XL: |  1  2  3  4  5  6  7 |
---------------+----------------------+-----
Unarmed Combat | 4 5 6 7 8 |  8.9
Fighting       | |  0.7
Dodging        | |  1.5
Shapeshifting  | |  3.5

Action                     |  1- 3 |  4- 6 |  7- 9 || total
---------------------------+-------+-------+-------++-------
  Melee: Unarmed           |    61 |   160 |    39 ||   260
         Punch             |     1 |     6 |     1 ||     8
    Use: Scroll            |       |     3 |     5 ||     8
         Potion            |       |     2 |       ||     2
   Stab: Sleeping          |       |     1 |       ||     1
 Armour: Animal skin       |    19 |   129 |    35 ||   183
  Dodge: Dodged            |    24 |    69 |    17 ||   110

Table legend: (Time is in decaauts)
 A = Elapsed time spent in this place.
 B = Non-inter-level travel time spent in this place.
 C = Inter-level travel time spent in this place.
 D = Time resting spent in this place.
 E = Time spent auto-exploring this place.
 F = Levels seen in this place.
 G = Mean time per level.
                   A        B        C        D        E       F      G
               +--------+--------+--------+--------+--------+-----+--------+
         Total |   3342 |   3159 |    183 |     56 |   2430 |   6 |  557.0 |
       Dungeon |   3267 |   3105 |    162 |     34 |   2430 |   5 |  653.4 |
        Temple |     75 |     54 |     21 |     22 |      0 |   1 |   75.0 |
               +--------+--------+--------+--------+--------+-----+--------+

Top non-repeatable levels by time:
     D:2: 892 daAuts
     D:3: 757 daAuts
     D:4: 739 daAuts
     D:1: 545 daAuts
     D:5: 332 daAuts
  Temple: 75 daAuts
